 Dungeon Crawl Stone Soup version 0.28-a0-224-g76b539d98b (webtiles) character file.

Game seed: 6483445875410656406

111 Ezendos the Conjurer (level 4, -6/29 HPs)
             Began as an Octopode Conjurer on Aug 20, 2021.
             Mangled by Edmund (11 damage)
             ... on level 3 of the Dungeon on Aug 21, 2021.
             The game lasted 00:07:29 (3948 turns).

Ezendos the Conjurer (Octopode Conjurer)            Turns: 3948, Time: 00:07:29

Health: -6/29      AC:  1    Str:  6    XL:     4   Next: 92%
Magic:  4/8        EV: 13    Int: 21    God:
Gold:   130        SH:  0    Dex: 10    Spells: 3/8 levels left

rFire   . . .      SeeInvis .   b - +0 dagger (speed)
rCold   . . .      Faith    .   (no shield)
rNeg    . . .      Spirit   .   (helmet restricted)
rPois   .          Reflect  .   (no amulet)
rElec   .          Harm     .   (no ring)
rCorr   .          Rampage  .   (no ring)
Will    .....                   (no ring)
Stlth   +++.......              (no ring)
HPRegen 0.09/turn               (no ring)
MPRegen 0.11/turn               (no ring)
                                (no ring)
                                (no ring)

@: no status effects
A: almost no armour, amphibious, 8 rings, camouflage 1, gelatinous body 1,
(nimble swimmer 1), tentacles
a: no special abilities


You were on level 3 of the Dungeon.
You visited 1 branch of the dungeon, and saw 4 of its levels.

You collected 130 gold pieces.

Inventory:

Hand Weapons
 b - a +0 dagger of speed (weapon)
Wands
 c - a wand of paralysis (6)
Potions
 d - a potion of might {unknown}
 e - 2 potions of heal wounds
 i - 3 potions of curing
 j - a potion of lignification


   Skills:
 + Level 2.0 Fighting
 - Level 2.0 Dodging
 - Level 3.0 Stealth
 + Level 2.8 Spellcasting
 + Level 4.6 Conjurations
 * Level 1.4 Summonings


You had 3 spell levels left.
You knew the following spells:

 Your Spells              Type           Power      Damage    Failure   Level
a - Magic Dart            Conj           88%        1d7       1%          1
b - Searing Ray           Conj           44%        3d4       3%          2
A - Call Imp              Summ           9%         N/A       12%         2

Your spell library contained the following spells:

 Spells                   Type           Power      Damage    Failure   Level
 Dazzling Flash           Conj/Hex       24%        N/A       16%         3
 Mephitic Cloud           Conj/Pois/Air  9%         N/A       22%         3
 Ignite Poison            Fire/Tmut/Pois 3%         N/A       38%         3
 Inner Flame              Hex/Fire       3%         N/A       38%         3
 Fulminant Prism          Conj/Hex       6%         3d7       45%         4
 Iskenderun's Mystic Bla  Conj/Tloc      12%        2d5       45%         4
 Cause Fear               Hex            1%         N/A       80%         4
 Bolt of Magma            Conj/Fire/Erth 4%         4d5       89%         5
 Discord                  Hex            1%         N/A       100%        8


Dungeon Overview and Level Annotations

Branches:
Dungeon (4/15)
 Temple: D:4-7

Altars:
Elyvilon

Annotations:
D:3 2 runed translucent doors, Edmund; PeterLawrence's ghost, amateur MiFi
D:4 Eustachio


Innate Abilities, Weirdness & Mutations

You cannot wear most types of armour.
You are amphibious.
You can wear up to eight rings at the same time.
Your skin changes colour to match your surroundings (Stealth+).
Your rubbery body absorbs attacks. (AC +1, EV +1)
((You are camouflaged near water. (Stealth+)))
You have tentacles for arms and can constrict up to eight enemies at once.


Message History

Okay, then.
PeterLawrence's ghost turns its malevolent gaze towards you.
Edmund hits you with a +2 antimagic flail!
* * * LOW HITPOINT WARNING * * *
You feel your power leaking away.
PeterLawrence's ghost shrieks, "What do you have that I didn't have?"
You aren't carrying any scrolls.
You feel much better. Edmund barely misses you. Edmund closely misses you.
Edmund hits you with a +2 antimagic flail!
You feel your power leaking away.
PeterLawrence's ghost whispers, "The ORB doesn't exist."
Edmund hits you with a +2 antimagic flail.
Edmund says, "People accused me of being a cutpurse!"
Edmund says, "I'm quite good with sums, too."
Edmund says, "People accused me of being a cutpurse!"
Edmund hits you with a +2 antimagic flail.
You feel your power leaking away.
You hit Edmund but do no damage. You grab Edmund.
You constrict Edmund, but do no damage.
Edmund says, "People think my brother is the best.
I think he's crazy."
Edmund hits you with a +2 antimagic flail.
You feel your power leaking away.
You release your grip on Edmund.
You hit Edmund but do no damage. Your grab misses Edmund.
Edmund hits you with a +2 antimagic flail!
* * * LOW HITPOINT WARNING * * *
You feel your power leaking away. Edmund closely misses you.
Edmund closely misses you.
Edmund hits you with a +2 antimagic flail!
* * * LOW HITPOINT WARNING * * *
You feel your power leaking away. Edmund barely misses you.
Edmund clears his throat.
Edmund says, "People think my brother is the best.
I think he's crazy."
Edmund says, "You wouldn't believe how much I paid for this flail."
Edmund clears his throat.
Edmund hits you with a +2 antimagic flail!
You die...

#.# #.....# #.#
#.#..##..$.≈#.#.# #.###.#####
#.# #.#..####..≈#.#.#
#.#...#######.# #.#..#
#.##.###.# ....####....#.#
#.#############.#
..............#
#...............#
....####....).#
##########..#####
..............# #..#
#########.##..############..#
#.#...#.@@.........>#
#.#..##.#############
#.#..##.# #.#..##.# #.#...#.#
#.#####.# #.......# #########


You could see Edmund.

Vanquished Creatures
  4 adders
  2 worms
  9 orcs
  3 endoplasms
  4 giant cockroaches
  4 goblins
  5 hobgoblins
  2 quokkas
  3 ball pythons (D:1)
  5 bats
  5 frilled lizards
  4 kobolds
  12 rats
62 creatures vanquished.

Notes
Turn   | Place    | Note
-------+----------+-------------------------------------------
     0 | D:1      | Ezendos the Octopode Conjurer began the quest for the Orb.
     0 | D:1      | Reached XP level 1. HP: 11/11 MP: 3/3
   297 | D:1      | Found a faded altar of an unknown god.
   549 | D:1      | Reached XP level 2. HP: 18/18 MP: 3/5
   552 | D:1      | Learned a level 2 spell: Searing Ray
   883 | D:1      | Reached skill level 1 in Fighting
  1442 | D:2      | Reached XP level 3. HP: 23/23 MP: 4/6
  1563 | D:2      | Upgraded the game from 0.28-a0-206-gc2c9e32840 to
                  | 0.28-a0-224-g76b539d98b
  2193 | D:3      | Learned a level 2 spell: Call Imp
  2280 | D:3      | Found a white marble altar of Elyvilon.
  2401 | D:3      | Reached XP level 4. HP: 29/29 MP: 4/7
  3004 | D:3      | Found a large runed translucent door.
  3004 | D:3      | Found a large runed translucent door.
  3004 | D:3      | Noticed PeterLawrence's ghost (amateur MiFi)
  3133 | D:4      | Reached skill level 1 in Summonings
  3277 | D:4      | Noticed Eustachio
  3551 | D:4      | Noticed Edmund
  3948 | D:3      | Mangled by Edmund

Illustrated notes

Levels and vault maps discovered:
D:1:      erik_arrival_cave_to_civilisation [erik_arrival_cave_to_hall],
          layout_loops_corners, hellmonk_ecumenical_altar_pennies_from_heaven
D:2:      layout_basic
D:3:      layout_basic, nicolae_elyvilon_peaceful_grove,
          ebering_ghost_disaster_area
D:4:      layout_rooms, kennysheep_generic_room_15, uniq_eustachio, uniq_edmund

Skill      XL: |  1  2  3  4 |
---------------+-------------+-----
Stealth        | 3 |  3.0
Fighting       | 1 2 |  2.0
Summonings     | 1 |  1.4
Dodging        | |  2.0
Spellcasting   | |  2.8
Conjurations   | |  4.6

Action                   |  1- 3 |  4- 6 || total
-------------------------+-------+-------++-------
Melee: Dagger            |    11 |    16 ||    27
       Constrict         |     2 |     3 ||     5
       Tentacles         |       |     1 ||     1
 Cast: Magic Dart        |    70 |    33 ||   103
       Searing Ray       |     2 |     7 ||     9
  Use: Scroll            |     6 |     2 ||     8
       Potion            |     2 |     1 ||     3
Armor: Skin              |     2 |     1 ||     3
Dodge: Dodged            |    10 |    11 ||    21

Table legend: (Time is in decaauts)
 A = Elapsed time spent in this place.
 B = Non-inter-level travel time spent in this place.
 C = Inter-level travel time spent in this place.
 D = Time resting spent in this place.
 E = Time spent auto-exploring this place.
 F = Levels seen in this place.
 G = Mean time per level.
                   A        B        C        D        E       F      G
               +--------+--------+--------+--------+--------+-----+--------+
         Total |   3942 |   3777 |    165 |     36 |   3081 |   4 |  985.5 |
       Dungeon |   3942 |   3777 |    165 |     36 |   3081 |   4 |  985.5 |
               +--------+--------+--------+--------+--------+-----+--------+

Top non-repeatable levels by time:
     D:1: 1395 daAuts
     D:3: 1154 daAuts
     D:2: 792 daAuts
     D:4: 600 daAuts
